AoeStats
← That's a lot of scalps

Black Forest

510975908Analyzed
4v4 RM · 14h ago on Oct 3, 2026· 40m 18s· 8 players
Game mode
Random Map
Map size
Large (8 player)
Population
200
Speed
Normal
Resources
Standard
Victory
Conquest
Starting age
Dark Age
Ending age
Imperial Age
RankedLock teamsTeams togetherTeam positionsShared explorationLock speedFull tech treeHidden civsTurbo modeCheats
Victory
Defeat
🇮🇳 Bohemians · India
1224
+13
🇨🇳 Bengalis · China
1217
+13
🇮🇳 Varangians · India
1177
+15
🇮🇳 Malians · India
1162
+15
🇦🇺 Italians · Australia
1179
-15
🇹🇷 Persians · Türkiye
1161
-14
🇦🇺 Lithuanians · Australia
1141
-14
🇦🇺 Georgians · Australia
1116
-13
品浩
4:49 Loom
11:56 Feudal Age
13:25 Double-Bit Axe
16:05 Castle Age
14:02 Horse Collar
18:23 Wheelbarrow
18:27 Bow Saw
18:25 Town Watch
20:29 Heavy Plow
24:18 Gold Mining
25:28 Hand Cart
27:49 Gold Shaft Mining
27:04 Stone Mining
30:05 Imperial Age
27:40 Fletching
27:50 Padded Archer Armor
28:13 Ballistics
29:02 Bodkin Arrow
29:23 Leather Archer Armor
29:21 Masonry
31:58 Two-Man Saw
31:31 Crop Rotation
31:17 Elite Elephant Archer
32:30 Conscription
32:16 Paiks
32:20 Bracer
32:50 Ring Archer Armor
33:24 Chemistry
32:54 Architecture
32:34 Siege Engineers
33:56 Architecture
33:33 Scale Barding Armor
33:39 Forging
33:45 Bloodlines
33:36 Husbandry
34:50 Town Patrol
35:26 Mahayana
35:33 Caravan
36:04 Coinage
35:45 Guilds
37:48 Banking
RiGhT
9:33 Loom
11:42 Feudal Age
13:22 Town Watch
16:27 Castle Age
14:39 Double-Bit Axe
14:55 Horse Collar
16:58 Wheelbarrow
17:47 Bow Saw
23:57 Heavy Plow
30:35 Imperial Age
28:50 Hand Cart
29:15 Squires
29:01 Gambesons
29:02 Arson
29:23 Scale Mail Armor
29:34 Forging
29:18 Treadmill Crane
30:00 Ballistics
30:40 Masonry
30:51 Chain Mail Armor
31:51 Iron Casting
31:07 Fletching
33:04 Plate Mail Armor
32:01 Gothikon
33:04 Conscription
33:01 Capped Ram
34:55 Blast Furnace
33:50 Bodkin Arrow
34:15 Elite Varangian Guard
35:56 Gold Mining
35:57 Stone Mining
36:03 Pikeman
37:25 Bracer
36:56 Halberdier
40:16 Crop Rotation
40:15 Ballistics
39:51 Murder Holes
snek_fan
0:29 Loom
14:28 Feudal Age
18:12 Castle Age
16:22 Double-Bit Axe
17:08 Horse Collar
23:57 Wheelbarrow
29:21 Imperial Age
28:15 Heavy Plow
28:27 Bow Saw
29:55 Fletching
31:22 Chemistry
30:38 Padded Archer Armor
31:25 Masonry
31:41 Caravan
32:38 Leather Archer Armor
32:18 Bodkin Arrow
32:38 Town Watch
33:40 Conscription
34:01 Hand Cart
34:22 Pikeman
34:48 Arson
35:05 Squires
37:02 Halberdier
38:47 Bodkin Arrow
39:22 Ring Archer Armor
39:14 Ballistics
39:02 Siege Engineers
39:38 Elite Hussite Wagon
Butcher
0:55 Loom
11:30 Feudal Age
15:43 Castle Age
20:43 Double-Bit Axe
22:25 Fletching
26:51 Wheelbarrow
28:33 Ballistics
30:10 Gold Mining
30:10 Stone Mining
30:45 Horse Collar
34:13 Imperial Age
32:27 Heavy Plow
32:37 Bow Saw
32:26 Bodkin Arrow
33:02 Town Watch
33:37 Hand Cart
33:29 Scale Mail Armor
34:58 Elite Gbeto
36:17 Conscription
36:42 Farimba
37:45 Scale Barding Armor
37:56 Chain Mail Armor
39:15 Crop Rotation
39:04 Bloodlines
38:54 Husbandry
39:17 Chain Barding Armor
40:09 Chemistry
Lou Skunt
10:50 Feudal Age
9:21 Loom
11:45 Horse Collar
15:06 Castle Age
13:45 Double-Bit Axe
17:52 Bow Saw
19:55 Heavy Plow
23:12 Wheelbarrow
28:25 Imperial Age
26:13 Scale Barding Armor
26:56 Forging
28:09 Chain Barding Armor
28:25 Iron Casting
29:49 Bloodlines
29:41 Husbandry
30:04 Conscription
29:53 Tower Shields
31:39 Chemistry
30:20 Elite Skirmisher
31:21 Gold Mining
31:52 Hand Cart
32:25 Plate Barding Armor
31:50 Scale Mail Armor
31:41 Fletching
33:22 Two-Man Saw
33:45 Block Printing
33:46 Redemption
34:34 Padded Archer Armor
34:49 Chain Mail Armor
35:31 Theocracy
36:29 Sanctity
36:46 Illumination
SoggySocks
1:31 Loom
14:12 Feudal Age
18:07 Castle Age
17:04 Double-Bit Axe
17:03 Horse Collar
19:13 Bow Saw
24:08 Wheelbarrow
28:33 Heavy Plow
28:37 Gold Mining
28:14 Elite Skirmisher
29:31 Ballistics
29:48 Town Watch
32:30 Padded Archer Armor
32:20 Fletching
32:49 Masonry
yenese
0:32 Loom
13:19 Feudal Age
17:06 Castle Age
18:07 Double-Bit Axe
18:03 Horse Collar
25:09 Wheelbarrow
25:16 Wheelbarrow
24:55 Bow Saw
32:19 Imperial Age
31:20 Heavy Plow
33:51 Scale Barding Armor
33:56 Forging
35:14 Forging
35:07 Husbandry
35:18 Bloodlines
36:45 Iron Casting
36:33 Chain Barding Armor
37:02 Conscription
38:13 Hand Cart
38:31 Crop Rotation
39:30 Plate Barding Armor
38:54 Gold Mining
40:04 Fletching
41:15 Blast Furnace
40:45 Ballistics
41:26 Chemistry
40:28 Padded Archer Armor
That's a lot of scalps
5:20 Loom
12:11 Feudal Age
13:36 Double-Bit Axe
18:11 Castle Age
17:00 Bloodlines
18:16 Forging
17:59 Horse Collar
21:05 Scale Barding Armor
24:40 Husbandry
30:10 Wheelbarrow
35:01 Imperial Age
33:57 Iron Casting
33:56 Chain Barding Armor
36:23 Conscription
37:29 Blast Furnace
38:17 Plate Barding Armor
37:33 Elite Monaspa
Connection lost

Rejoining the realm…

Still unreachable

The connection could not be restored.

Session expired

The server has moved on; the page needs a fresh start.